 Dungeon Crawl Stone Soup version 0.30-a0-341-g682706514a (webtiles) character file.

Game seed: 9169407162112939135

1099 Lobster4 the Digger (level 8, -1/130 HPs)
             Began as a Human Wanderer on Nov 4, 2022.
             Succumbed to a scorpion's poison
             ... on level 5 of the Dungeon.
             The game lasted 00:16:34 (5809 turns).

Lobster4 the Digger (Human Wanderer)                Turns: 5809, Time: 00:16:35

Health: -1/130     AC: 24    Str: 10    XL:     8   Next: 57%
Magic:  7/13       EV:  2    Int: 18    God:
Gold:   242        SH:  0    Dex: 12    Spells: 9/14 levels left

rFire   . . .      SeeInvis .    a - +1 mace of Udiudwin {elec, rC++}
rCold   + + .      Faith    .    (no shield)
rNeg    . . .      Spirit   .    (body armour currently unavailable)
rPois   +          Reflect  .    (helmet currently unavailable)
rElec   .          Harm     .    (cloak currently unavailable)
rCorr   +          Rampage  .    (gloves currently unavailable)
Will    +....      NoTele   +    (boots currently unavailable)
Stlth   ..........               (no amulet)
HPRegen 0.41/turn                m - ring of willpower
MPRegen 0.13/turn                t - ring of resist corrosion

@: berserking, lethally poisoned (-1 -> -10), tree-form, very quick
A: stationary, stasis, torment immunity, boosted hp
a: no special abilities


You were on level 5 of the Dungeon.
You were a tree.
You visited 1 branch of the dungeon, and saw 5 of its levels.
You also visited: Sewer.

You collected 242 gold pieces.

Inventory:

Hand Weapons
 a - the +1 mace of Udiudwin (weapon) {elec, rC++}
   (You found it on level 4 of the Dungeon)

   It occasionally discharges a powerful burst of electricity upon striking a
   foe.
   rC:        It greatly protects you from cold.
 b - a +2 dagger of venom
 e - a +0 dagger
 n - a +0 mace
Missiles
 d - 4 boomerangs (quivered)
 f - 28 stones
 q - 4 curare-tipped darts
 r - a throwing net
Armour
 c - a +0 ring mail
 k - a +0 helmet (melded)
 o - a +2 robe of positive energy (melded)
Jewellery
 m - a ring of willpower (left branch)
 s - an amulet of guardian spirit
 t - a ring of resist corrosion (right branch)
Wands
 i - a wand of quicksilver (19)
Scrolls
 h - a scroll of fear {unknown}
 j - a scroll of enchant armour
 p - 2 scrolls of enchant weapon
Potions
 g - a potion of flight
 u - a potion of invisibility


   Skills:
 - Level 3.0 Fighting
 + Level 1.4 Maces & Flails
 + Level 4.8 Armour
 + Level 3.5 Spellcasting
 * Level 6.1 Earth Magic
 + Level 4.2 Poison Magic
 + Level 1.7 Evocations


You had 9 spell levels left.
You knew the following spells:

 Your Spells              Type           Power      Damage    Failure   Level
a - Sandblast             Erth           50%        2d12      1%          1
b - Poisonous Vapours     Pois/Air       20%        N/A       10%         2
e - Passwall              Tmut/Erth      11%        N/A       7%          2

Your spell library contained the following spells:

 Spells                   Type           Power      Damage    Failure   Level
 Cigotuvi's Dreadful Rot  Necr/Pois/Air  16%        N/A       13%         2
 Beastly Appendage        Tmut           6%         N/A       16%         1
 Spider Form              Tmut/Pois      10%        N/A       19%         3
 Wereblood                Tmut           3%         N/A       24%         2
 Animate Armour           Summ/Erth      28%        N/A       41%         4
 Conjure Ball Lightning   Conj/Air       1%         3x3d6     100%        6
 Discord                  Hex            1%         N/A       100%        8
 Disjunction              Tloc           1%         N/A       100%        8


Dungeon Overview and Level Annotations

Branches:
Dungeon (5/15)              Sewer (visited)
 Temple: D:4-7

Altars:
Cheibriados
Elyvilon
Hepliaklqana
Okawaru
Wu Jian

Annotations:
D:3 2 transporters, Darkkill's ghost, amateur MiHu


Message History

The scorpion poisons you! The scorpion stings you.
You are lethally poisoned!
The scorpion poisons you!
Casting: Sandblast (safe; 1% risk of failure)
Confirm with . or Enter, or press ? or * to list all spells.
Aiming: Sandblast (safe; 1% risk of failure)
Press: ? - help, Shift-Dir - straight line, f/p - scorpion
Aim: a scorpion (moderately wounded, 83% to hit)
The blast of sand hits the scorpion.
The scorpion is heavily wounded.
* * * LOW HITPOINT WARNING * * *
You feel extremely sick.
The scorpion stings you but does no damage.
The scorpion stings you.
* * * LOW HITPOINT WARNING * * *
It was a potion of flight.
You feel very buoyant.
You fly up into the air.
* * * LOW HITPOINT WARNING * * *
You feel very sick. The scorpion completely misses you.
Really quaff the potion of lignification?
You turn into a tree.
Your +0 helmet melds into your body.
Your +2 robe of positive energy melds into your body.
You feel less protected from negative energy.
Your roots penetrate the ground.
* * * LOW HITPOINT WARNING * * *
You feel very sick.
The scorpion stings you but does no damage.
It was a potion of berserk rage.
A red film seems to cover your vision as you go berserk!
You feel yourself moving faster!
You feel mighty!
* * * LOW HITPOINT WARNING * * *
You feel very sick.
The scorpion stings you but does no damage.
The scorpion stings you.
* * * LOW HITPOINT WARNING * * *
You sock the scorpion!
You kill the scorpion!
You die...

.........
........#######
...............
.......<.#
##.[...........#
..).....s#...###
.)...(...###..#
###[..##....#
...
#.♣.>.)..##.. ..
#........#### .
#.†......#
#........#
#........#
#........#
#.......?#
###.##.#.# .#
...#


There were no monsters in sight!

Vanquished Creatures
  Menkaure (D:4)
  Edmund (D:4)
  2 bullfrogs (Sewer)
  A scorpion (D:5)
  5 orc priests
  A hound (D:4)
  Jessica (D:2)
  Natasha (thrice) (D:2)
  3 orc wizards (D:5)
  Robin (D:2)
  4 gnolls (D:3)
  15 adders
  3 river rats (D:3)
  An ufetubus (D:4)
  4 worms
  A dart slug (D:2)
  20 orcs
  6 endoplasms
  21 giant cockroaches
  14 goblins
  12 hobgoblins
  2 quokkas (Sewer)
  8 ball pythons
  3 bats
  7 frilled lizards
  6 kobolds
  2 rats
148 creatures vanquished.

Vanquished Creatures (collateral kills)
  An orc (D:4)
1 creature vanquished.

Vanquished Creatures (others)
  6 plants (D:3)
6 creatures vanquished.

Grand Total: 155 creatures vanquished

Notes
Turn   | Place    | Note
-------+----------+-------------------------------------------
     0 | D:1      | Lobster4 the Human Wanderer began the quest for the Orb.
     0 | D:1      | Lobster4 set off with the following items: a +0 dagger, a
                  | potion of attraction, a +0 ring mail; and the following
                  | spell memorised: Sandblast; and the following spells
                  | available to memorise: Passwall, Poisonous Vapours,
                  | Cigotuvi's Dreadful Rot, Animate Armour.
     0 | D:1      | Reached XP level 1. HP: 15/15 MP: 2/2
    12 | D:1      | Found a faded altar of an unknown god.
   240 | D:1      | Reached XP level 2. HP: 21/21 MP: 0/3
  1073 | D:2      | Reached XP level 3. HP: 26/26 MP: 0/5
  1213 | D:2      | Noticed Natasha
  1218 | D:2      | Killed Natasha
  1219 | D:2      | Reached XP level 4. HP: 26/33 MP: 1/6
  1248 | D:2      | Noticed Natasha
  1486 | D:2      | Noticed Robin
  1503 | D:2      | Killed Robin
  1576 | D:2      | Noticed Jessica
  1657 | D:1      | Reached XP level 5. HP: 35/38 MP: 3/7
  1785 | D:2      | Killed Natasha
  1992 | D:2      | Killed Jessica
  1993 | D:2      | Reached skill level 4 in Earth Magic
  2067 | D:2      | Noticed Natasha
  2079 | D:2      | Killed Natasha
  2082 | D:2      | Reached XP level 6. HP: 36/44 MP: 3/9
  2166 | D:2      | Found a snail-covered altar of Cheibriados.
  2770 | D:3      | Found a glowing drain.
  2787 | Sewer    | Entered a sewer
  3008 | Sewer    | Reached XP level 7. HP: 51/51 MP: 5/10
  3230 | Sewer    | Reached skill level 5 in Earth Magic
  3780 | D:3      | Found a transporter.
  3783 | D:3      | Found a transporter.
  4050 | D:3      | Identified the +6 trident "Uggun" {vamp, rCorr}
  4177 | D:3      | Noticed Darkkill's ghost (amateur MiHu)
  4526 | D:3      | Learned a level 2 spell: Passwall
  4529 | D:3      | Learned a level 2 spell: Poisonous Vapours
  4607 | D:4      | Found an iron altar of Okawaru.
  4623 | D:4      | Noticed Menkaure
  4632 | D:4      | Killed Menkaure
  4633 | D:4      | Reached XP level 8. HP: 58/58 MP: 6/12
  4677 | D:4      | Found a white marble altar of Elyvilon.
  4680 | D:4      | Reached skill level 1 in Evocations
  4714 | D:4      | Identified the +1 mace of Udiudwin {elec, rC++}
  4831 | D:4      | Noticed Edmund
  5370 | D:4      | Found a hazy altar of Hepliaklqana.
  5373 | D:4      | Found an ornate altar of the Wu Jian Council.
  5534 | D:4      | Killed Edmund
  5535 | D:4      | Reached skill level 1 in Maces & Flails
  5599 | D:5      | Entered Level 5 of the Dungeon
  5636 | D:5      | Reached skill level 6 in Earth Magic
  5807 | D:5      | HP: 4/87 [poisoned by a scorpion]
  5808 | D:5      | HP: 1/130 [scorpion (2)]
  5809 | D:5      | Succumbed to a scorpion's poison

Illustrated notes

Levels and vault maps discovered:
D:1:      nzn_arrival_water_spiral, layout_basic, ebering_ecumenical_altar_hall
D:2:      layout_rooms, minmay_hexomino_r4, uniq_jessica, uniq_natasha,
          uniq_robin
D:3:      layout_loops_corners, gammafunk_ghost_gnarly_gnolls,
          lightli_sewer_entry_pipes
D:4:      layout_loops_ring, elyvilon_altar_5, nicolae_overflow_hidden_temple,
          uniq_edmund, uniq_menkaure
D:5:      lemuel_ratsnest, layout_rooms, ashenzari_altar_1, uniq_sigmund,
          uniq_pikel

Skill      XL: |  1  2  3  4  5  6  7  8 |
---------------+-------------------------+-----
Fighting       | 2 3 |  3.0
Spellcasting   | 2 3 |  3.5
Earth Magic    | 4 5 6 |  6.1
Poison Magic   | 3 4 |  4.2
Armour         | 4 |  4.8
Evocations     | 1 |  1.7
Maces & Flails | 1 |  1.4

Action                   |  1- 3 |  4- 6 |  7- 9 || total
-------------------------+-------+-------+-------++-------
Melee: Dagger            |    12 |    25 |    22 ||    59
       Mace              |       |     9 |     2 ||    11
       Punch             |       |     1 |     2 ||     3
Throw: Boomerang         |       |     8 |     8 ||    16
       Dart              |       |       |     5 ||     5
       Throwing net      |       |       |     1 ||     1
 Cast: Sandblast         |    32 |   105 |    91 ||   228
  Use: Scroll            |     1 |     5 |     5 ||    11
       Potion            |       |       |     4 ||     4
Armor: Ring mail         |    25 |    64 |    20 ||   109
       Skin              |       |       |    10 ||    10
       Robe              |       |       |     9 ||     9
Dodge: Dodged            |    31 |    63 |    37 ||   131

Table legend: (Time is in decaauts)
 A = Elapsed time spent in this place.
 B = Non-inter-level travel time spent in this place.
 C = Inter-level travel time spent in this place.
 D = Time resting spent in this place.
 E = Time spent auto-exploring this place.
 F = Levels seen in this place.
 G = Mean time per level.
                   A        B        C        D        E       F      G
               +--------+--------+--------+--------+--------+-----+--------+
         Total |   6093 |   5825 |    268 |   1306 |   3185 |   6 | 1015.5 |
       Dungeon |   5178 |   4910 |    268 |   1044 |   2804 |   5 | 1035.6 |
         Sewer |    915 |    915 |      0 |    262 |    381 |   1 |  915.0 |
               +--------+--------+--------+--------+--------+-----+--------+

Top non-repeatable levels by time:
     D:3: 1445 daAuts
     D:1: 1407 daAuts
     D:4: 1261 daAuts
     D:2: 1015 daAuts
   Sewer: 915 daAuts
     D:5: 47 daAuts
